 Dungeon Crawl Stone Soup version 0.31-a0-1581-g41d5ff3e7b (webtiles) character file.

Game seed: 18117245471000742210

72 NoAnimeNoLife the Shooter (level 3, -1/27 HPs)
             Began as a Demigod Hexslinger on Jan 5, 2024.
             Slain by a hound (2 damage)
             ... on level 3 of the Dungeon.
             The game lasted 00:01:06 (2197 turns).

NoAnimeNoLife the Shooter (Demigod Hexslinger)      Turns: 2197, Time: 00:01:07

Health: -1/27      AC:  2    Str:  9    XL:     3   Next: 82%
Magic:  4/6        EV: 12    Int: 15    God:
Gold:   131        SH:  0    Dex: 20    Spells: 2/4 levels left

rFire   . . .        a - +1 sling
rCold   . . .        (no shield)
rNeg    . . .        c - +0 robe
rPois   .            (no helmet)
rElec   .            (no cloak)
rCorr   .            (no gloves)
SInv    .            (no boots)
Will    .....        (no amulet)
Stlth   ++           (no ring)
HPRegen 0.24/turn    (no ring)
MPRegen 0.10/turn

%: no passive effects
@: weak-willed, jinxed, hasted, very quick
A: high MP 1, forlorn, divine attributes
a: no special abilities


You were on level 3 of the Dungeon.
You visited 1 branch of the dungeon, and saw 3 of its levels.

You collected 131 gold pieces.

Inventory:

Hand Weapons
 a - a +1 sling (weapon)
Armour
 c - a +0 robe (worn)
Scrolls
 b - a scroll of poison
 f - a scroll of enchant weapon {unknown}
 i - a scroll of revelation {unknown}
 l - 2 scrolls of identify {unknown}
 m - a scroll of teleportation {unknown}
 n - a scroll of vulnerability {unknown}
Potions
 d - 2 potions of degeneration {unknown}
 e - a potion of mutation {unknown}
 g - 2 potions of haste {@q4}
 h - a potion of brilliance {unknown}
 j - a potion of curing {unknown}
 k - a potion of lignification {unknown}


   Skills:
 - Level 0.8 Fighting
 + Level 4.0 Ranged Weapons
 - Level 1.7 Dodging
 - Level 1.0 Spellcasting
 - Level 2.6 Hexes
 - Level 0.8 Fire Magic


You had 2 spell levels left.
You knew the following spells:

 Your Spells              Type           Power      Damage    Failure   Level
a - Jinxbite              Hex            16%        N/A       12%         2

Your spell library contained the following spells:

 Spells                   Type           Power      Damage    Failure   Level
 Sigil of Binding         Hex            8%         N/A       24%         3
 Inner Flame              Hex/Fire       6%         N/A       34%         3
 Cause Fear               Hex            4%         N/A       63%         4
 Dimensional Bullseye     Hex/Tloc       2%         N/A       80%         4


Dungeon Overview and Level Annotations

Branches:
Dungeon (3/15)


Innate Abilities, Weirdness & Mutations

You have an increased reservoir of magic. (+10% MP)
You shall have no god before yourself.
Your divine heritage dramatically boosts your attributes as you level up.


Message History

The hound bites you.
You aren't carrying any items that you can evoke.
Okay, then.
Fire: a) +1 sling
Press: ? - help, Q - select action, (/) - cycle Shift-Dir - straight line, f/p - hound
Aim: a hound (lightly wounded, 53% to hit)
Okay, then.
Casting: Jinxbite (safe; 12% risk of failure)
Confirm with . or Enter, or press ? or * to list all spells.
You beckon some vexing sprites to accompany your attacks.
You feel your willpower being sapped. The hound closely misses you.
The gnoll misses you.
Fire: a) +1 sling
Press: ? - help, Q - select action, (/) - cycle Shift-Dir - straight line, f/p - hound
Aim: a hound (lightly wounded, chance to call a sprite on attack: 50%, 53% to hit)
You shoot a sling bullet. The sling bullet hits the hound.
The hound is moderately wounded.
A giggling sprite leaps out and smacks the hound with its own front paw.
The hound is heavily wounded.
The hound barely misses you.
The gnoll hits you from afar with a +0 spear.
The hound attacks as it pursues you! The hound bites you but does no damage.
The gnoll attacks as it pursues you! The gnoll misses you.
Fire: a) +1 sling
Press: ? - help, Q - select action, (/) - cycle Shift-Dir - straight line, f/p - hound
Aim: a hound (heavily wounded, heavily drained, chance to call a sprite on attack: 56%, 53% to hit)
Okay, then.
The hound attacks as it pursues you! The hound bites you.
The gnoll attacks as it pursues you! The gnoll closely misses you.
The hound bites you.
* * * LOW HITPOINT WARNING * * *
The hound bites the bush but does no damage.
The gnoll attacks as it pursues you!
The gnoll hits you from afar with a +0 spear!
* * * LOW HITPOINT WARNING * * *
Okay, then.
Okay, then.
It was a potion of haste.
You feel yourself speed up.
The hound seems less drained.
The hound bites you.
You die...

#.## ##.# ####.
#..###.######....
##.#.#.......#.###
#.....#.####.#.##
#..####.####....##
#[.# #...........
#..####.####....##
#...............##
##@#####.####.#..##
####.h### #.#
#.#.... #....g..#
....... #..PhP..#
#####.## ####'####
..... '.. ......
##... #..... +...#
.... #####


You could see 2 hounds and a gnoll.

Vanquished Creatures
  An adder (D:3)
  3 dart slugs
  5 ball pythons
  6 bats
  6 endoplasms
  3 giant cockroaches
  4 goblins
  7 hobgoblins
  5 kobolds
  A quokka (D:2)
  2 frilled lizards
  8 rats
51 creatures vanquished.

Notes
Turn   | Place    | Note
-------+----------+-------------------------------------------
     0 | D:1      | NoAnimeNoLife the Demigod Hexslinger began the quest for
                  | the Orb.
     0 | D:1      | Reached XP level 1. HP: 15/15 MP: 4/4
    56 | D:1      | Reached skill level 2 in Ranged Weapons
   320 | D:1      | Reached XP level 2. HP: 22/22 MP: 5/5
   676 | D:1      | Reached skill level 3 in Ranged Weapons
   961 | D:1      | Learned a level 2 spell: Jinxbite
  1233 | D:2      | Reached XP level 3. HP: 27/27 MP: 6/6
  1980 | D:3      | Reached skill level 4 in Ranged Weapons
  2196 | D:3      | HP: 1/27 [gnoll/+0 spear (7)]
  2197 | D:3      | Slain by a hound

Illustrated notes

Levels and vault maps discovered:
D:1:      saegor_arrival_miasma, layout_basic, roderic_lattice_a,
          nicolae_kite_square_tiling_tiny
D:2:      layout_loops_ring, shapermc_ecumenical_altar_mp_ritualfount
D:3:      layout_loops_ring, grunt_temple_overflow_open, cheibrodos_gnoll_hut

Skill      XL: |  1  2  3 |
---------------+----------+-----
Ranged Weapons | 2 3 4 |  4.0
Fighting       | |  0.8
Dodging        | |  1.7
Spellcasting   | |  1.0
Hexes          | |  2.6
Fire Magic     | |  0.8

Action                     || total
---------------------------++-------
   Fire: Sling             ||   114
   Cast: Jinxbite          ||     1
    Use: Potion            ||     1
 Armour: Robe              ||    15
  Dodge: Dodged            ||    27

Table legend: (Time is in decaauts)
 A = Elapsed time spent in this place.
 B = Non-inter-level travel time spent in this place.
 C = Inter-level travel time spent in this place.
 D = Time resting spent in this place.
 E = Time spent auto-exploring this place.
 F = Levels seen in this place.
 G = Mean time per level.
                   A        B        C        D        E       F      G
               +--------+--------+--------+--------+--------+-----+--------+
         Total |   2224 |   2190 |     34 |      0 |   1947 |   3 |  741.3 |
       Dungeon |   2224 |   2190 |     34 |      0 |   1947 |   3 |  741.3 |
               +--------+--------+--------+--------+--------+-----+--------+

Top non-repeatable levels by time:
     D:1: 992 daAuts
     D:2: 706 daAuts
     D:3: 525 daAuts
